 Dungeon Crawl Stone Soup version 0.23.2-30-g0e89c35649 (webtiles) character file.

Game seed: 11399814771429753585

363 teukkam the Covered (level 6, 0/56 HPs)
             Began as a Minotaur Fighter on June 19, 2019.
             Slain by a howler monkey skeleton (5 damage)
             ... on level 4 of the Dungeon.
             The game lasted 00:06:23 (1317 turns).

teukkam the Covered (Minotaur Fighter)              Turns: 1317, Time: 00:06:25

Health: 0/56       AC:  7    Str: 27    XL:     6   Next: 39%
Magic:  5/5        EV:  8    Int:  5    God:
Gold:   145        SH: 10    Dex: 10    Spells: 5/5 levels left

rFire    . . .     SeeInvis .   a - +0 war axe
rCold    . . .     Gourm    .   c - +0 shield
rNeg     . . .     Faith    .   e - +0 scale mail
rPois    .         Spirit   .   (helmet restricted)
rElec    .         Reflect  .   (no cloak)
rCorr    .         Harm     .   (no gloves)
MR       .....                  (no boots)
Stlth    ..........             (no amulet)
HPRegen  0.18/turn              (no ring)
MPRegen  0.09/turn              (no ring)

@: mighty
A: retaliatory headbutt, horns 2
a: no special abilities


You were on level 4 of the Dungeon.
You were hungry.

You visited 1 branch of the dungeon, and saw 4 of its levels.

You collected 145 gold pieces.

Inventory:

Hand Weapons
 a - a +0 war axe (weapon)
 b - a +0 hunting sling
 s - a +2 hand axe of chopping
Missiles
 m - 13 stones (quivered)
 o - 3 tomahawks
Armour
 c - a +0 shield (worn)
 e - a +0 scale mail (worn)
Jewellery
 n - a +4 ring of dexterity
Wands
 p - a wand of polymorph (3)
Scrolls
 g - a scroll of magic mapping {unknown}
 h - a scroll of fear {unknown}
 i - 2 scrolls of immolation {unknown}
 k - a scroll of teleportation {unknown}
 l - 2 scrolls of identify {unknown}
 q - a scroll of amnesia {unknown}
Potions
 j - a potion of curing {unknown}
Comestibles
 f - 3 rations
 r - 5 chunks of flesh


   Skills:
 + Level 5.2 Fighting
 + Level 4.4 Axes
 + Level 1.4 Slings
 + Level 5.3 Armour
 + Level 5.3 Shields


You had 5 spell levels left.
You didn't know any spells.
Your spell library was empty.

Dungeon Overview and Level Annotations

Branches:
Dungeon (4/15)
 Temple: D:4-7

Altars:

Annotations:
D:3 Ijyb


Innate Abilities, Weirdness & Mutations

You reflexively headbutt those who attack you in melee.
You have a pair of horns on your head.


Message History

Your shield prevents you from hitting the two-headed ogre.
The two-headed ogre is moderately wounded.
You barely miss the howler monkey skeleton.
The leopard gecko enters a dispersal trap!
The howler monkey skeleton blinks!
The two-headed ogre blinks! x2
The howler monkey skeleton blinks!
You blink.
The leopard gecko blinks!
The two-headed ogre enters a dispersal trap!
You blink.
The two-headed ogre blinks!
The howler monkey skeleton misses you.
The two-headed ogre hits you with a +1 dire flail of protection!!
* * * LOW HITPOINT WARNING * * *
The two-headed ogre hits you with a +0 giant club!
* * * LOW HITPOINT WARNING * * *
You slash the two-headed ogre!
Your headbutt misses the two-headed ogre.
The two-headed ogre is heavily wounded.
You slash the howler monkey skeleton!
The howler monkey skeleton hits you but does no damage.
The howler monkey skeleton hits you.
You die...

#≈...O.l##≈..≈##..#...≈#.#
#.≈≈.#8.#?.##..#§8#.≈≈.# #
#...≈#..#≈..⌠.≈#..#≈...#
#...≈#..#≈.)>.§#.§#≈÷..#
#.≈≈.#8†#..##.$#§8#.≈≈.#
#≈...#÷Z##≈..≈##§.#...≈#
#...≈##.†##.l##..##≈...#.#
##..##Z#§.##..≈.##.#
##..†.@§##....##..# ##
###.O###≈..####.# #. ###
####..)#.#....# ..##
#.###......###....# ...#
##...###### #......######
##.####.......# #####........
##............# #........
.....#.####...# ######........
####.....####.####.............


You could see a two-headed ogre, a leopard gecko and a howler monkey skeleton.

Vanquished Creatures
  A bullfrog skeleton (D:4)
  2 orc priests (D:3)
  3 orc wizards (D:4)
  3 worker ants (D:4)
  6 adders
  2 worms
  A dart slug (D:2)
  5 leopard geckos
  13 orcs
  A ball python (D:4)
  A bat (D:1)
  2 giant cockroaches (D:4)
  2 goblins (D:3)
  A hobgoblin (D:1)
  4 jackals (D:3)
  A kobold (D:2)
  2 quokkas (D:4)
  2 frilled lizards
  3 rats
55 creatures vanquished.

Notes
Turn   | Place    | Note
-------+----------+-------------------------------------------
     0 | D:1      | teukkam the Minotaur Fighter began the quest for the Orb.
     0 | D:1      | Reached XP level 1. HP: 19/19 MP: 0/0
   134 | D:2      | Reached XP level 2. HP: 24/27 MP: 1/1
   218 | D:2      | Reached XP level 3. HP: 33/33 MP: 2/2
   238 | D:3      | Noticed Ijyb
   340 | D:3      | Reached XP level 4. HP: 10/41 MP: 3/3
   699 | D:4      | Reached XP level 5. HP: 44/47 MP: 4/4
   774 | D:4      | Reached skill level 5 in Fighting
   774 | D:4      | Reached skill level 5 in Armour
   774 | D:4      | Reached skill level 5 in Shields
   858 | D:4      | Reached skill level 1 in Slings
   858 | D:4      | Reached XP level 6. HP: 28/56 MP: 5/5
  1279 | D:4      | Noticed a two-headed ogre
  1317 | D:4      | Slain by a howler monkey skeleton

Skill      XL: |  1  2  3  4  5 |
---------------+----------------+-----
Shields        | 4 5 |  5.3
Fighting       | 4 5 |  5.2
Armour         | 4 5 |  5.3
Axes           | 3 4 |  4.4
Slings         | 1 |  1.4

Action                   |  1- 3 |  4- 6 || total
-------------------------+-------+-------++-------
Melee: War axe           |    60 |    93 ||   153
       Headbutt          |     7 |    15 ||    22
 Fire: Hunting sling     |       |    18 ||    18
  Use: Potion            |       |     3 ||     3
  Eat: Chunk             |       |     1 ||     1
Armor: Scale mail        |    23 |    51 ||    74
       Skin              |       |    12 ||    12
Dodge: Dodged            |    24 |    39 ||    63
Block: Shield            |    48 |    46 ||    94
